 Dungeon Crawl Stone Soup version bcrawl-1.35.4b (webtiles) character file.

Game seed: 8390536819074731897

119759 Dulis131 the Conjurer (level 4, -2/24 HPs)
             Began as a Skeleton Conjurer on Jan 29, 2022.
             Slain by an ice beast (6 damage)
             ... on level 2 of the Dungeon.
             The game lasted 00:07:43 (2544 turns).

Dulis131 the Conjurer (Skeleton Conjurer)           Turns: 2544, Time: 00:07:44

Health: -2/24      AC:  2    Str: 13 (14) XL:     4   Next: 63%
Magic:  0/10       EV: 12    Int: 14 (15) God:
Gold:   167        SH:  0    Dex:  9      Spells: 6/12 levels left

rFire    . . .     SeeInvis .   c - +0 whip (flame)
rCold    + . .     Gourm    .   (no shield)
rNeg     + + +     Faith    .   a - +0 robe
rPois    ∞         Spirit   +   (no helmet)
rElec    .         Reflect  .   (no cloak)
rCorr    .                      (no gloves)
MR       .....                  (no boots)
Stlth    ++........             (no amulet)
HPRegen  0.08/turn              (no ring)
MPRegen  0.12/turn              (no ring)

@: no status effects
A: no food or potions, cold resistance 1, deterioration 1, negative energy
resistance 3, torment resistance, unbreathing, magic shield, sturdy frame 1,
spell healing
a: no special abilities


You were on level 2 of the Dungeon.
You were not hungry.

You visited 1 branch of the dungeon, and saw 3 of its levels.

You collected 167 gold pieces.

Inventory:

Hand Weapons
 c - a +0 whip of flaming (weapon)
Missiles
 d - 202 bolts
 e - 95 poisoned needles
Armour
 a - a +0 robe (worn)
Scrolls
 f - a scroll of remove curse {unknown}
 g - a scroll of amnesia {unknown}
 h - a scroll of immolation {unknown}
 i - a scroll of identify
 j - a scroll of enchant weapon {unknown}
 k - a scroll of teleportation {unknown}
Potions
 b - a potion of curing {unknown}
 l - a potion of brilliance {unknown}


   Skills:
 + Level 2.1 Dodging
 - Level 2.4 Stealth
 + Level 4.5 Spellcasting
 + Level 6.5 Conjurations


You had 6 spell levels left.
You knew the following spells:

 Your Spells              Type           Power        Failure   Level  Hunger
a - Magic Dart            Conj           ###.         1%          1    N/A
b - Iskenderun's Mystic   Conj           ###.....     3%          3    N/A
c - Searing Ray           Conj           ###.....     1%          2    N/A

Your spell library contained the following spells:

 Spells                   Type           Power        Failure   Level  Hunger
 Fulminant Prism          Conj/Hex       ##........   43%         4    N/A
 Irradiate                Conj/Tmut      ##........   80%         5    N/A

Dungeon Overview and Level Annotations

Branches:
Dungeon (3/12)

Altars:


Innate Abilities, Weirdness & Mutations

You do not eat or drink.
You are immune to poison.
Your flesh is cold resistant. (rC+)
Your body sometimes deteriorates upon taking damage.
You are immune to negative energy. (rN+++)
You are immune to unholy pain and torment.
You can survive without breathing.
When hurt, damage is shared between your health and your magic reserves.
Your movements are slightly less encumbered by armour. (ER -2)
Casting spells heals you.


Message History

The ice beast is lightly wounded. (Press . to maintain the ray.)
The ice beast closely misses you.
The searing ray misses the ice beast.
The ice beast hits you. The ice beast freezes you. You resist.
The searing ray hits the ice beast!
The ice beast is heavily wounded.
The ice beast hits you. The ice beast freezes you! You resist.
The searing ray hits the ice beast.
The ice beast is severely wounded.
The ice beast hits you.
* * * LOW HITPOINT WARNING * * *
The ice beast freezes you. You resist.
* * * LOW HITPOINT WARNING * * *
Without enough magic to sustain it, your searing ray dissipates.
The ice beast barely misses you. The ice beast hits you.
* * * LOW HITPOINT WARNING * * *
The ice beast freezes you! You resist.
You die...

....................#....#.#####
.############..#.#####.#.#.#
...........................######
##############...#####.#.........
#######.# ##..# #.##########
........# #..# #...........
#######.# #..# ############
#.....#.# #Y># # #.###.#.#
##@##### # #.###.#.# #.....# #
...##.#.# #####.# # #####<#.# #.#
# #######.# #.# # ........# #.# #
######### #.# # #.# #.#


You could see an ice beast.

Vanquished Creatures
  A crimson imp (D:2)
  An adder (D:2)
  3 dart slugs (D:1)
  3 leopard geckos (D:1)
  5 orcs
  5 giant cockroaches
  3 goblins (D:1)
  7 hobgoblins
  3 jackals (D:1)
  A quokka (D:3)
  6 bats (D:1)
  2 frilled lizards
  9 kobolds
  3 rats (D:1)
52 creatures vanquished.

Notes
Turn   | Place    | Note
-------+----------+-------------------------------------------
     0 | D:1      | Dulis131 the Skeleton Conjurer began the quest for the Orb.
     0 | D:1      | Reached XP level 1. HP: 10/10 MP: 4/4
    94 | D:1      | Reached skill level 5 in Conjurations
   175 | D:1      | Reached XP level 2. HP: 15/15 MP: 1/6
   533 | D:1      | Reached XP level 3. HP: 19/19 MP: 5/8
   794 | D:1      | Reached skill level 6 in Conjurations
  1509 | D:2      | Learned a level 3 spell: Iskenderun's Mystic Blast
  2212 | D:2      | Learned a level 2 spell: Searing Ray
  2215 | D:2      | Reached XP level 4. HP: 24/24 MP: 5/10
  2323 | D:3      | Noticed an ice beast
  2544 | D:2      | Slain by an ice beast

Skill      XL: |  1  2  3 |
---------------+----------+-----
Conjurations   | 5 6 |  6.5
Spellcasting   | 4 |  4.5
Dodging        | |  2.1
Stealth        | |  2.4

Action                   |  1- 3 |  4- 6 || total
-------------------------+-------+-------++-------
Melee: Whip              |     4 |     9 ||    13
 Cast: Magic Dart        |    83 |    15 ||    98
       Iskenderun's Myst |     8 |     2 ||    10
       Searing Ray       |     1 |     2 ||     3
  Use: Scroll            |     1 |       ||     1
Armor: Robe              |     5 |     6 ||    11
Dodge: Dodged            |    21 |    17 ||    38
